Map: Jagannatha LE

Players

Asuna - Winner!

  • Race: Protoss Protoss
  • League: Master
  • Spawn Location: 1:00

Epic

  • Race: Terran Terran
  • League: Grandmaster
  • Spawn Location: 7:00

Event: DreamHack SC2 Masters 2020 Winter

VOD

Have the link to the VOD?

Description

Time

  • Played on: Oct. 27, 2020, 6:38 p.m.
  • Length: 33:57

All games in this series

Show
View Real Time Build Order
Export as new Build Order

Asuna Protoss - Winner!

Build Orders: Phoenix Opening, Carriers 

Get SALT Encoding   

  12  0:00  Probe  
  13  0:13  Pylon  
  13  0:16  Probe  
  14  0:29  Probe (Chrono Boost)  
  14  0:33  Gateway  
  15  0:41  Probe (Chrono Boost)  
  16  0:46  Probe (Chrono Boost)  
  16  0:48  Assimilator  
  17  0:56  Probe  
  18  1:08  Probe  
  19  1:20  Probe  
  19  1:23  Cybernetics Core  
  20  1:31  Pylon  
  20  1:32  Probe  
  21  1:48  Nexus  
  21  1:53  Probe  
  22  1:56  Assimilator  
  22  1:57  Adept (Chrono Boost)  
  24  2:07  Shield Battery  
  24  2:10  Probe  
  24  2:14  Warp Gate  
  25  2:17  Adept (Chrono Boost)  
  27  2:27  Probe  
  28  2:39  Probe  
  28  2:43  Stargate  
  28  2:44  Adept  
  31  2:59  Probe  
  31  3:04  Probe  
  33  3:11  Probe  
  34  3:16  Probe  
  35  3:22  Robotics Facility  
  35  3:24  Probe  
  36  3:29  Probe  
  36  3:32  Phoenix (Chrono Boost)  
  37  3:36  Probe  
  38  3:42  Probe  
  38  3:48  Pylon  
  38  3:49  Probe  
  38  3:51  Gateway  
  38  3:54  Phoenix (Chrono Boost)  
  38  3:55  Probe (Chrono Boost)  
  42  4:01  Probe (Chrono Boost)  
  43  4:05  Assimilator  
  43  4:07  Probe (Chrono Boost), Assimilator  
  44  4:12  Probe (Chrono Boost)  
  44  4:14  Phoenix, Observer  
  44  4:15  Probe (Chrono Boost)  
  49  4:17  Probe (Chrono Boost)  
  49  4:22  Probe, Pylon  
  51  4:27  Probe  
  52  4:34  Probe  
  53  4:39  Observer  
  53  4:40  Probe  
  53  4:41  Pylon, Phoenix  
  57  4:46  Probe  
  57  4:50  Stalker  
  60  4:57  Pylon  
  60  5:03  Probe  
  60  5:05  Probe  
  60  5:06  Phoenix  
  64  5:08  Robotics Bay  
  64  5:16  Observer  
  64  5:18  Probe  
  64  5:20  Probe  
  67  5:25  Nexus  
  67  5:30  Probe  
  67  5:33  Gateway  
  67  5:34  Phoenix  
  70  5:39  Probe  
  71  5:47  Probe  
  71  5:48  Pylon  
  72  5:51  Probe  
  73  5:58  Pylon  
  73  5:59  Phoenix  
  73  6:03  Pylon, Colossus (Chrono Boost)  
  75  6:05  Sentry  
  75  6:08  Probe x2  
  75  6:09  Shield Battery  
  85  6:16  Pylon  
  85  6:19  Extended Thermal Lance  
  85  6:20  Observer  
  85  6:25  Twilight Council  
  85  6:34  Probe x2  
  85  6:35  Observer  
  85  6:36  Phoenix  
  89  6:42  Probe  
  89  6:45  Assimilator  
  89  6:46  Probe x2, Sentry  
  94  6:47  Pylon  
  94  6:48  Assimilator  
  94  6:54  Probe  
  94  6:58  Probe  
  94  6:59  Colossus (Chrono Boost)  
  96  7:06  Charge (Chrono Boost)  
  96  7:08  Observer  
  102  7:09  Forge  
  102  7:13  Probe  
  103  7:17  Gateway  
  103  7:20  Sentry, Zealot, Gateway  
  103  7:21  Gateway  
  107  7:30  Observer  
  107  7:39  Phoenix  
  107  7:40  Protoss Ground Weapons Level 1 (Chrono Boost)  
  103  7:46  Probe  
  103  7:47  Probe x2  
  106  7:51  Photon Cannon  
  106  7:54  Colossus (Chrono Boost)  
  112  8:01  Gateway  
  112  8:02  Pylon  
  112  8:03  Zealot x3  
  112  8:04  Gateway  
  118  8:18  Phoenix  
  120  8:20  Zealot x3  
  120  8:24  Pylon  
  126  8:29  Zealot  
  126  8:30  Zealot x2  
  132  8:37  Pylon x2  
  132  8:40  Pylon  
  132  8:44  Zealot x3  
  122  8:56  Nexus  
  122  8:59  Photon Cannon  
  122  9:00  Phoenix  
  122  9:01  Shield Battery  
  122  9:02  Colossus (Chrono Boost)  
  122  9:14  Probe x3  
  125  9:26  Probe x2  
  127  9:34  Phoenix, Gateway x2, Zealot  
  127  9:35  Templar Archives  
  127  9:36  Zealot  
  133  9:38  Zealot  
  133  9:39  Protoss Ground Weapons Level 2 (Chrono Boost)  
  133  9:42  Probe x3  
  133  9:43  Zealot  
  140  9:46  Warp Prism (Chrono Boost)  
  140  9:52  Gravitic Drive  
  142  9:54  Probe x3  
  142  9:59  Phoenix (Chrono Boost)  
  145  10:06  Probe x2, Assimilator  
  145  10:07  Probe  
  150  10:09  Zealot  
  150  10:11  Assimilator  
  150  10:12  High Templar x5  
  150  10:13  Protoss Air Weapons Level 1 (Chrono Boost), High Templar x2, Observer  
  166  10:19  Phoenix  
  168  10:23  Probe  
  168  10:24  Probe  
  168  10:27  Stargate  
  169  10:37  Zealot x2, High Templar  
  169  10:39  Pylon  
  169  10:41  Archon x4  
  175  10:44  Phoenix  
  175  10:48  Nexus  
  177  10:50  Disruptor (Chrono Boost)  
  177  10:55  Fleet Beacon  
  180  10:58  Zealot x2  
  180  10:59  Zealot x2  
  164  11:19  Zealot x5  
  164  11:20  Zealot x5  
  174  11:30  Colossus (Chrono Boost)  
  138  11:51  Protoss Ground Weapons Level 3 (Chrono Boost)  
  138  11:53  High Templar x4  
  138  11:54  Zealot x3  
  146  11:55  Zealot x3  
  146  11:57  Pylon  
  146  11:58  Probe x3  
  146  11:59  Probe, Archon x2  
  158  12:03  Carrier (Chrono Boost)  
  158  12:06  Carrier (Chrono Boost)  
  164  12:10  Probe  
  164  12:11  Observer  
  171  12:18  Disruptor (Chrono Boost)  
  171  12:19  Assimilator  
  171  12:22  Assimilator  
  174  12:25  Photon Cannon  
  174  12:26  Shield Battery, Zealot x2  
  178  12:35  Probe x2  
  180  12:43  Protoss Air Weapons Level 2 (Chrono Boost)  
  180  12:44  Photon Cannon  
  180  12:45  Probe x3, Disruptor (Chrono Boost)  
  180  12:46  Photon Cannon  
  180  12:47  Probe x2  
  188  13:00  Carrier x2 (Chrono Boost)  
  188  13:05  Pylon, Stargate  
  200  13:25  High Templar  
  176  13:49  Nexus  
  176  13:51  Photon Cannon  
  176  13:52  Photon Cannon  
  176  13:53  Shield Battery, High Templar x3  
  180  13:55  Stalker x2  
  180  13:56  Stalker, Zealot x3  
  180  13:57  Archon x2  
  180  14:00  Disruptor  
  195  14:16  Gateway  
  195  14:17  Gateway x2  
  195  14:18  Photon Cannon  
  195  14:21  Gateway  
  195  14:22  Dark Shrine, Blink (Chrono Boost), Assimilator  
  195  14:23  Protoss Ground Armor Level 1 (Chrono Boost)  
  193  14:26  Assimilator  
  193  14:33  Photon Cannon  
  193  14:35  Warp Prism  
  195  14:55  Zealot x2  
  199  15:08  Protoss Air Weapons Level 3 (Chrono Boost)  
  189  15:20  Carrier x2 (Chrono Boost)  
  199  15:28  Gravitic Boosters  
  199  15:29  Observer  
  199  15:32  Robotics Facility  
  192  15:50  Colossus  
  198  15:58  Nexus  
  198  15:59  Pylon  
  198  16:03  Pylon  
  198  16:27  Stargate  
  198  16:28  Protoss Ground Armor Level 2 (Chrono Boost), Photon Cannon  
  198  16:29  Photon Cannon, Robotics Facility  
  198  16:32  Photon Cannon  
  197  16:49  Nexus  
  197  16:51  Warp Prism (Chrono Boost), Pylon  
  197  16:52  Pylon, Nexus  
  197  16:53  Pylon  
  197  16:55  Pylon  
  199  17:18  Protoss Air Armor Level 1 (Chrono Boost)  
  199  17:24  Photon Cannon  
  199  17:26  Shield Battery, Photon Cannon  
  199  17:27  Photon Cannon  
  199  17:28  Shield Battery  
  199  17:29  Photon Cannon  
  199  17:30  Photon Cannon  
  199  17:43  Shadow Stride (Chrono Boost), Photon Cannon  
  199  17:44  Photon Cannon  
  199  17:46  Photon Cannon  
  199  17:47  Photon Cannon  
  199  17:48  Shield Battery  
  199  17:49  Shield Battery  
  197  17:51  Dark Templar  
  197  17:52  Shield Battery  
  197  17:56  Shield Battery  
  197  17:57  Assimilator  
  195  17:59  Assimilator  
  191  18:06  Carrier  
  191  18:12  Probe  
  194  18:23  Zealot x3  
  200  18:29  Pylon  
  200  18:30  Pylon  
  194  18:38  Zealot x3  
  200  18:44  Zealot x2  
  198  18:53  Zealot x4  
  198  19:04  Protoss Air Armor Level 2 (Chrono Boost)  
  198  19:07  Photon Cannon  
  198  19:08  Photon Cannon x2  
  198  19:09  Shield Battery  
  198  19:15  Probe  
  199  19:30  Shield Battery  
  199  19:32  Shield Battery x2  
  199  19:33  Shield Battery  
  199  19:49  Observer  
  199  19:50  Observer  
  193  19:54  Pylon  
  193  19:59  Photon Cannon  
  192  20:05  Pylon, Photon Cannon  
  192  20:06  Carrier (Chrono Boost), Pylon  
  192  20:13  Nexus  
  198  20:18  Pylon  
  192  20:30  Pylon  
  192  20:31  Probe x3  
  192  20:32  Pylon, Photon Cannon  
  195  20:40  Protoss Shields Level 1 (Chrono Boost)  
  169  20:45  Zealot x4  
  169  20:46  Carrier x2 (Chrono Boost), Zealot x10  
  198  21:00  Photon Cannon x2  
  198  21:02  Shield Battery, Photon Cannon  
  198  21:10  Shield Battery  
  198  21:12  Unknown, Shield Battery  
  198  21:13  Shield Battery  
  198  21:15  Shield Battery  
  198  21:23  Assimilator  
  198  21:24  Assimilator  
  196  21:37  Disruptor (Chrono Boost)  
  197  22:21  Protoss Air Armor Level 3 (Chrono Boost), Protoss Ground Armor Level 3 (Chrono Boost)  
  178  22:37  Zealot x4  
  178  22:38  Zealot x4  
  178  22:42  Pylon  
  194  22:44  Photon Cannon  
  194  22:54  Zealot x3  
  200  23:09  Photon Cannon  
  200  23:11  Photon Cannon  
  200  23:15  Shield Battery  
  200  23:17  Shield Battery  
  200  23:19  Shield Battery  
  200  23:21  Pylon  
  200  23:32  Disruptor x2 (Chrono Boost)  
  188  23:51  Probe x5  
  185  24:06  Pylon  
  185  24:08  Shield Battery  
  185  24:09  Shield Battery  
  185  24:10  Shield Battery  
  185  24:12  Pylon  
  185  24:15  Zealot x3  
  185  24:16  Zealot  
  169  24:17  Zealot x2  
  169  24:18  Zealot x8, Disruptor x3 (Chrono Boost)  
  192  24:29  Photon Cannon  
  192  24:30  Photon Cannon  
  192  24:32  Shield Battery  
  192  24:36  Shield Battery  
  192  24:42  Photon Cannon  
  192  24:47  Photon Cannon  
  192  24:49  Photon Cannon  
  192  24:50  Pylon  
  192  24:56  Tempest x3 (Chrono Boost)  
  197  25:03  Shield Battery, Protoss Shields Level 2  
  197  25:04  Shield Battery  
  197  25:06  Shield Battery  
  197  25:16  Observer  
  197  25:17  Shield Battery  
  197  25:19  Shield Battery x2  
  197  25:25  Pylon  
  197  25:35  Dark Templar  
  197  26:03  Tempest  
  196  26:20  Photon Cannon  
  196  26:52  Tempest x2 (Chrono Boost)  
  200  27:14  Gateway x2  
  200  27:16  Pylon  
  200  27:20  Gateway  
  200  27:23  Gateway  
  200  27:34  Zealot x2  
  200  27:35  Zealot x2  
  198  27:38  Zealot x2  
  198  27:39  Zealot  
  198  27:40  Dark Templar  
  191  27:44  Dark Templar  
  191  27:45  Dark Templar x3  
  191  27:47  Dark Templar x2  
  184  27:55  Zealot x4  
  178  28:09  Tempest x4 (Chrono Boost)  
  198  28:21  Shield Battery x2  
  198  28:22  Shield Battery  
  198  28:24  Shield Battery  
  198  28:26  Shield Battery  
  198  28:27  Photon Cannon  
  198  28:47  Photon Cannon  
  198  28:48  Photon Cannon x2  
  198  28:50  Shield Battery, Photon Cannon  
  198  28:52  Shield Battery  
  186  29:15  Oracle x2  
  192  29:37  Carrier x2 (Chrono Boost)  
  176  29:50  Carrier x2 (Chrono Boost)  
  163  30:08  Colossus (Chrono Boost)  
  163  30:15  Colossus (Chrono Boost)  
  175  30:31  Carrier (Chrono Boost)  
  175  30:33  Stalker x3  
  193  30:35  Carrier (Chrono Boost)  
  193  30:48  Carrier (Chrono Boost)  
  195  30:52  Stalker x2  
  186  31:08  Stalker x4  
  180  31:26  Carrier (Chrono Boost)  
  174  31:36  Tempest x2  
  184  31:40  Tempest  
  173  32:18  Tempest  
  173  32:19  Tempest  
  173  32:22  Tempest (Chrono Boost)  
  173  32:44  Tempest (Chrono Boost)  
  173  32:59  Tempest (Chrono Boost)  
  183  33:08  Tempest (Chrono Boost)  
  183  33:12  Tempest (Chrono Boost)  
Show
View Real Time Build Order
Export as new Build Order

Epic Terran 

Build Orders: Reaper Expand 

Get SALT Encoding   

  12  0:00  SCV  
  13  0:12  SCV  
  14  0:17  Supply Depot  
  14  0:24  SCV  
  15  0:38  SCV  
  15  0:40  Barracks  
  16  0:44  Refinery  
  16  0:50  SCV  
  17  1:02  SCV  
  18  1:14  SCV  
  19  1:26  Orbital Command  
  19  1:27  Reaper  
  20  1:48  Command Center  
  20  1:52  SCV  
  21  1:56  Supply Depot  
  21  1:59  Marine  
  22  2:04  SCV  
  23  2:09  Bunker  
  23  2:18  Factory  
  23  2:21  Marine  
  24  2:24  SCV  
  25  2:35  Refinery  
  25  2:36  SCV  
  26  2:39  Barracks Reactor  
  26  2:48  SCV  
  27  3:00  SCV  
  27  3:03  Orbital Command  
  27  3:05  Hellion  
  29  3:11  Starport  
  29  3:14  SCV  
  29  3:16  Marine  
  29  3:17  Marine  
  32  3:26  SCV  
  33  3:33  SCV  
  34  3:34  Marine  
  34  3:35  Marine  
  34  3:38  SCV  
  36  3:42  Factory Tech Lab  
  36  3:46  SCV  
  37  3:52  Marine  
  37  3:54  SCV, Barracks  
  39  3:56  Supply Depot  
  39  3:58  SCV  
  40  4:03  Marine  
  40  4:09  SCV  
  42  4:10  SCV, Raven  
  42  4:11  Factory Tech Lab  
  45  4:17  Barracks  
  45  4:21  Supply Depot  
  45  4:22  SCV  
  45  4:23  SCV  
  47  4:29  Cyclone  
  49  4:35  SCV x2  
  49  4:38  Marine x2  
  53  4:45  Engineering Bay  
  53  4:48  SCV x2  
  55  4:58  Command Center  
  53  5:00  SCV x2  
  53  5:02  Stimpack  
  53  5:06  Siege Tank  
  58  5:12  SCV x2  
  58  5:13  Terran Infantry Weapons Level 1  
  60  5:16  Supply Depot  
  60  5:20  Missile Turret  
  60  5:21  Barracks Tech Lab  
  60  5:24  SCV x2  
  60  5:25  Refinery  
  62  5:31  Starport Reactor  
  62  5:37  SCV x2, Refinery, Marine x2  
  62  5:38  Marauder  
  62  5:39  Supply Depot  
  68  5:46  Siege Tank  
  68  5:49  SCV x2  
  70  5:57  Supply Depot  
  70  6:00  Supply Depot, Marine x2  
  70  6:01  Marauder x2  
  70  6:03  SCV x2  
  78  6:07  Combat Shield  
  78  6:11  Orbital Command  
  78  6:14  Barracks  
  78  6:17  SCV x2  
  80  6:21  Siege Tank  
  80  6:25  Barracks  
  83  6:29  SCV x2  
  82  6:33  Marauder x2, Marine  
  82  6:34  Marine  
  82  6:36  Medivac  
  82  6:38  Orbital Command  
  87  6:41  SCV x2  
  87  6:42  Medivac  
  87  6:43  Missile Turret  
  91  6:48  Supply Depot  
  91  6:53  SCV x2, Supply Depot  
  93  6:54  Marine  
  93  6:55  Marine  
  93  6:59  Marauder x2  
  99  7:03  Siege Tank  
  99  7:06  SCV x3  
  105  7:09  Terran Infantry Armor Level 1  
  105  7:10  Marine  
  105  7:11  Marine  
  105  7:12  Marine  
  105  7:13  Marine  
  109  7:19  Orbital Command  
  109  7:20  Medivac  
  111  7:23  Medivac  
  111  7:29  SCV x2  
  115  7:34  Barracks Tech Lab  
  113  7:37  Marauder x2, Marine x2  
  113  7:41  Barracks Reactor  
  117  7:46  SCV x3  
  117  7:48  Siege Tank  
  123  7:54  Concussive Shells, Supply Depot  
  123  7:55  Supply Depot  
  123  7:59  Marauder  
  123  8:04  Supply Depot  
  125  8:07  Supply Depot  
  125  8:08  Marine x2  
  125  8:13  Refinery x2  
  125  8:14  SCV, Supply Depot  
  125  8:15  SCV x2, Medivac, Marauder x2  
  125  8:16  Supply Depot, Medivac  
  135  8:21  Missile Turret, Marine x2  
  135  8:22  Marauder  
  135  8:26  Marine  
  138  8:31  Siege Tank  
  138  8:33  SCV x3  
  140  8:36  Supply Depot x2  
  140  8:37  Marauder  
  142  8:41  Marauder  
  142  8:43  Marauder, Marine x4  
  135  8:58  Marauder  
  135  8:59  Medivac x2  
  135  9:01  Marine x2  
  135  9:03  Marauder  
  135  9:04  Marauder  
  135  9:05  Armory, Engineering Bay  
  131  9:11  Siege Tank  
  131  9:14  Marine  
  131  9:15  Marine  
  133  9:18  Marine  
  133  9:20  Marauder  
  133  9:21  Command Center  
  133  9:23  SCV x3  
  141  9:24  Marauder  
  141  9:26  Marauder, Missile Turret, Marine  
  141  9:29  Medivac x2  
  148  9:32  Marine  
  148  9:38  Marine x2  
  149  9:41  Ghost Academy  
  149  9:42  Marauder  
  149  9:44  Marine  
  156  9:46  Marauder, Siege Tank  
  156  9:47  Marine  
  156  9:50  Marine  
  161  9:54  Terran Infantry Weapons Level 2  
  161  9:55  Missile Turret  
  161  9:56  Marine  
  161  9:59  Marine  
  163  10:02  Terran Infantry Armor Level 2, Marine  
  163  10:04  Viking  
  165  10:08  Viking, Marine  
  165  10:14  Marauder x3, Marine  
  173  10:20  Barracks x2  
  174  10:22  Barracks  
  173  10:29  Enhanced Shockwaves, Terran Ship Weapons Level 1  
  173  10:30  Marine  
  173  10:31  Marine x2  
  173  10:34  Viking  
  178  10:37  Command Center  
  178  10:41  Viking  
  180  10:49  Missile Turret  
  180  10:50  Missile Turret  
  180  10:53  Ghost x2, Missile Turret  
  184  11:03  Planetary Fortress  
  183  11:06  Marine x3  
  183  11:07  Marine  
  183  11:09  Barracks Tech Lab x2  
  183  11:10  Barracks Reactor  
  164  11:21  Marauder  
  164  11:22  Marine  
  164  11:23  Marauder  
  164  11:24  Marine x2  
  122  11:33  Marauder x2, Marine x2  
  104  11:40  Marauder  
  104  11:41  Viking x2, Siege Tank  
  104  11:43  Marauder  
  104  11:44  Marauder, Marine  
  104  11:46  Marine x2  
  109  11:52  Marine x3  
  104  11:54  Marauder x2  
  108  12:02  Marauder  
  108  12:03  Ghost  
  108  12:04  Ghost  
  108  12:05  SCV x4, Missile Turret  
  108  12:06  Refinery  
  108  12:08  Refinery, Marine x3  
  118  12:09  Marine  
  118  12:10  Marine  
  118  12:15  Ghost  
  123  12:16  Siege Tank  
  128  12:24  Medivac  
  128  12:25  Medivac  
  128  12:26  Marine  
  128  12:27  Marine x4  
  128  12:28  Marine  
  137  12:33  Ghost  
  144  12:37  Marauder x3  
  144  12:38  Missile Turret  
  144  12:44  Marine x3  
  143  12:45  Marine x2, Sensor Tower  
  143  12:50  Siege Tank  
  151  12:55  Marine x2  
  151  12:57  Viking x2  
  159  12:58  Marauder  
  159  13:08  Ghost x2  
  159  13:09  Marine  
  159  13:10  Marine x4  
  159  13:11  Marauder  
  170  13:13  Starport  
  170  13:18  Marine x2  
  174  13:20  Marauder  
  174  13:26  Siege Tank  
  177  13:27  Marine x2  
  177  13:28  Ghost  
  177  13:29  Marine x2  
  177  13:32  Ghost, Missile Turret  
  185  13:35  Marine  
  184  13:43  Viking x2  
  187  13:50  Starport Reactor  
  187  13:57  Ghost x2  
  187  13:58  Marine x3  
  187  14:01  Marine  
  195  14:10  Command Center  
  195  14:13  Viking x2  
  195  14:16  Sensor Tower  
  199  14:24  Planetary Fortress  
  199  14:31  Terran Ship Weapons Level 2  
  199  14:32  Personal Cloaking  
  199  14:33  Armory  
  199  14:37  Missile Turret  
  198  14:39  Viking  
  192  15:15  Medivac x2  
  192  15:16  Medivac x2  
  192  15:20  Refinery  
  200  15:22  Refinery  
  200  15:25  Missile Turret x2  
  200  15:27  Missile Turret  
  200  15:28  Missile Turret  
  200  15:41  Planetary Fortress  
  200  15:45  Missile Turret  
  200  16:00  Viking  
  198  16:26  Missile Turret  
  198  16:29  Missile Turret  
  198  16:31  Command Center, Missile Turret  
  198  16:32  Sensor Tower  
  198  16:33  Command Center, Sensor Tower  
  198  16:45  Viking  
  200  16:54  Command Center  
  200  16:55  Missile Turret  
  200  16:57  Missile Turret  
  200  17:27  Terran Ship Weapons Level 3  
  200  17:28  Terran Vehicle And Ship Armor Level 1  
  200  17:29  Terran Infantry Weapons Level 3, Terran Infantry Armor Level 3  
  200  17:36  Missile Turret  
  200  17:37  Missile Turret  
  200  17:45  Planetary Fortress, Orbital Command  
  195  18:10  Planetary Fortress  
  195  18:12  Missile Turret x2  
  193  18:13  Missile Turret  
  193  18:14  Viking  
  193  18:15  Viking x2  
  199  18:27  Ghost Academy  
  199  18:28  Ghost Academy  
  199  18:29  Ghost Academy  
  196  18:39  Missile Turret  
  194  18:46  Viking x3  
  194  18:47  Missile Turret x3  
  200  18:49  Missile Turret  
  200  18:53  Nuke  
  181  19:10  Missile Turret  
  181  19:11  Missile Turret  
  181  19:13  Ghost x5  
  181  19:14  Marine x2  
  181  19:15  Marine x2  
  181  19:16  Viking x2  
  199  19:19  Nuke x3  
  199  19:22  Command Center  
  199  19:25  Missile Turret  
  199  19:28  Refinery  
  199  19:39  Missile Turret x2  
  197  19:46  Missile Turret  
  197  20:14  Nuke x2  
  190  20:25  Viking x4  
  193  20:31  Ghost x3  
  193  20:32  Marine  
  166  20:46  Marauder, Marine x5  
  166  20:47  Missile Turret, Marauder  
  166  20:48  Thor  
  173  20:53  Starport  
  173  20:54  Starport  
  173  20:55  Viking, Refinery  
  175  20:57  Starport  
  175  21:00  Viking  
  175  21:02  Medivac x2  
  181  21:11  Missile Turret  
  181  21:14  Missile Turret  
  181  21:15  Nuke x2  
  181  21:16  Nuke  
  181  21:23  Sensor Tower  
  181  21:25  Viking, Sensor Tower  
  162  21:41  Hi-Sec Auto Tracking, Neosteel Armor  
  162  21:44  Viking  
  162  21:45  Viking x2, Missile Turret  
  164  21:50  Ghost x3  
  164  21:51  Ghost  
  172  22:02  Ghost  
  172  22:04  Marine x2  
  176  22:19  Ghost x2  
  180  22:36  Viking x4  
  186  22:49  Thor  
  192  22:51  Starport Reactor  
  192  22:52  Starport Reactor x2  
  192  22:56  Command Center  
  192  23:06  Viking  
  194  23:15  Missile Turret  
  194  23:17  Missile Turret x2  
  194  23:18  Missile Turret  
  194  23:24  Nuke x2  
  194  23:39  Ghost x3, Missile Turret x2  
  196  24:00  Command Center  
  176  24:19  Ghost x5  
  176  24:22  Viking x5  
  176  24:23  Missile Turret  
  176  24:24  Missile Turret  
  200  24:25  Liberator  
  200  24:28  Fusion Core  
  200  24:30  Marine  
  200  24:36  Nuke  
  200  24:44  Missile Turret  
  200  24:47  Missile Turret  
  200  25:06  Sensor Tower  
  200  25:11  Missile Turret  
  200  25:13  Missile Turret  
  200  25:15  Missile Turret  
  196  25:24  Terran Vehicle And Ship Armor Level 2  
  196  25:32  Missile Turret  
  196  25:34  Marine  
  196  25:35  Marauder, Missile Turret, Marine  
  200  25:40  Missile Turret  
  198  25:51  Ghost  
  198  25:55  Missile Turret  
  198  25:56  Missile Turret  
  198  26:06  Ghost  
  200  26:13  Missile Turret  
  197  26:31  Viking  
  197  26:32  Viking x3  
  196  26:44  Viking x3  
  200  27:12  Missile Turret  
  200  27:13  Missile Turret, Nuke  
  200  27:14  Orbital Command, Command Center, Nuke x2  
  200  27:15  Missile Turret  
  200  27:24  Missile Turret  
  193  27:47  Ghost x4  
  178  28:18  Liberator  
  178  28:19  Liberator x3  
  199  28:23  Advanced Ballistics, Missile Turret x3  
  189  28:27  Missile Turret  
  186  28:42  Missile Turret  
  169  29:03  Viking x10  
  172  29:24  Ghost x2  
  173  29:33  Viking x4  
  168  29:38  Ghost  
  166  29:49  Missile Turret  
  156  30:11  Ghost, Nuke  
  158  30:21  Ghost  
  153  30:54  Liberator x4  
  133  31:33  Ghost  
  133  31:34  Ghost  
  133  31:35  Marine x5  
  132  32:14  Missile Turret  
  129  32:17  Missile Turret  
  121  32:33  Viking  
  117  32:48  Viking  
Tags
 
Add a new tag
Caveats
  • Supply blocks, unpowered buildings, or Contaminate may cause inaccurate times.
  • Supply counts are checked every 10 seconds.